 Dungeon Crawl Stone Soup version 0.30-a0-956-gcec3b41aec (webtiles) character file.

Game seed: 1020308646660325057

70 billz999 the Sneak (level 4, 0/34 HPs)
             Began as a Gnoll Wanderer on Mar 30, 2023.
             Slain by Terence
             ... wielding a +4 flail of holy wrath
              (5 damage)
             ... on level 2 of the Dungeon.
             The game lasted 00:03:40 (1391 turns).

billz999 the Sneak (Gnoll Wanderer)                 Turns: 1391, Time: 00:03:41

Health: 0/34       AC:  4    Str: 14    XL:     4   Next: 21%
Magic:  5/8        EV: 11    Int: 13    God:
Gold:   67         SH:  0    Dex:  9    Spells: 5/9 levels left

rFire   . . .      SeeInvis .    a - +2 spear
rCold   . . .      Faith    .    (no shield)
rNeg    . . .      Spirit   .    d - +0 leather armour
rPois   .          Reflect  .    (no helmet)
rElec   .          Rampage  .    (no cloak)
rCorr   .                        (no gloves)
Will    .....                    b - +0 pair of boots
Stlth   +++                      (no amulet)
HPRegen 0.25/turn                (no ring)
MPRegen 0.11/turn                (no ring)

@: no status effects
A: fangs 1, strong nose, distributed training
a: no special abilities


You were on level 2 of the Dungeon.
You visited 1 branch of the dungeon, and saw 2 of its levels.

You collected 67 gold pieces.

Inventory:

Hand Weapons
 a - a +2 spear (weapon)
Armour
 b - a +0 pair of boots (worn)
 d - a +0 leather armour (worn)
Scrolls
 c - a scroll of summoning
 e - a scroll of magic mapping {unknown}
 g - a scroll of amnesia {unknown}
 h - a scroll of identify {unknown}


   Skills:
 + Level 2.7 Fighting
 + Level 1.1 Short Blades
 + Level 1.1 Long Blades
 + Level 1.1 Axes
 + Level 1.1 Maces & Flails
 + Level 4.6 Polearms
 + Level 1.1 Staves
 + Level 1.1 Ranged Weapons
 + Level 1.1 Throwing
 + Level 2.7 Armour
 + Level 1.1 Dodging
 + Level 7.8 Stealth
 + Level 1.1 Shields
 + Level 1.1 Unarmed Combat
 + Level 3.0 Spellcasting
 + Level 0.8 Conjurations
 + Level 0.8 Hexes
 + Level 0.8 Summonings
 + Level 0.8 Necromancy
 + Level 0.8 Translocations
 + Level 0.8 Transmutations
 + Level 0.8 Fire Magic
 + Level 0.8 Ice Magic
 + Level 0.8 Air Magic
 + Level 2.2 Earth Magic
 + Level 0.8 Poison Magic
 + Level 1.2 Invocations
 + Level 1.1 Evocations


You had 5 spell levels left.
You knew the following spells:

 Your Spells              Type           Power      Damage    Failure   Level
a - Sandblast             Erth           14%        2d6       12%         1
b - Stone Arrow           Conj/Erth      12%        3d7       41%         3

Your spell library contained the following spells:

 Spells                   Type           Power      Damage    Failure   Level
 Hailstorm                Conj/Ice       4%         3d4       52%         3
 Kindle Blastsparks       Fire/Tloc/Air  8%         2d10      52%         3
 Ignition                 Fire           2%         3d3       100%        8


Dungeon Overview and Level Annotations

Branches:
Dungeon (2/15)

Altars:

Annotations:
D:2 Terence


Innate Abilities, Weirdness & Mutations

You have very sharp teeth.
Your uncanny sense of smell can sniff out nearby items.
Your experience applies equally to all skills.


Message History

Casting: Sandblast (safe; 12% risk of failure)
Confirm with . or Enter, or press ? or * to list all spells.
The spell is quite dangerous to miscast (41% risk of failure)!
Continue anyway?
Okay, then.
Casting: Stone Arrow (quite dangerous; 41% risk of failure)
Confirm with . or Enter, or press ? or * to list all spells.
Aiming: Sandblast (safe; 12% risk of failure)
Press: ? - help, Shift-Dir - straight line, f/p - Terence
Aim: Terence, wielding a +4 flail of holy wrath and wearing a +0 ring mail (moderately wounded, 83% to hit)
The blast of sand hits Terence but does no damage.
Terence is moderately wounded.
Terence hits you with a +4 flail of holy wrath!
Casting: Sandblast (safe; 12% risk of failure)
Confirm with . or Enter, or press ? or * to list all spells.
Aiming: Sandblast (safe; 12% risk of failure)
Press: ? - help, Shift-Dir - straight line, f/p - Terence
Aim: Terence, wielding a +4 flail of holy wrath and wearing a +0 ring mail (moderately wounded, 83% to hit)
The blast of sand misses Terence.
Terence hits you with a +4 flail of holy wrath!
* * * LOW HITPOINT WARNING * * *
Terence closely misses you.
Casting: Sandblast (safe; 12% risk of failure)
Confirm with . or Enter, or press ? or * to list all spells.
Aiming: Sandblast (safe; 12% risk of failure)
Press: ? - help, Shift-Dir - straight line, f/p - Terence
Aim: Terence, wielding a +4 flail of holy wrath and wearing a +0 ring mail (moderately wounded, 83% to hit)
The blast of sand hits Terence.
Terence is moderately wounded.
Terence hits you with a +4 flail of holy wrath.
* * * LOW HITPOINT WARNING * * *
Casting: Sandblast (safe; 12% risk of failure)
Confirm with . or Enter, or press ? or * to list all spells.
Aiming: Sandblast (safe; 12% risk of failure)
Press: ? - help, Shift-Dir - straight line, f/p - Terence
Aim: Terence, wielding a +4 flail of holy wrath and wearing a +0 ring mail (moderately wounded, 83% to hit)
The blast of sand hits Terence.
Terence is heavily wounded.
Terence completely misses you.
Terence hits you with a +4 flail of holy wrath.
You die...

###......................
####.###...............
#...................
####.........<...... #.
###....#'#'##'#+# ...
####...#.# ... ##.)#.#
... ##@#.# ...
#######@#.# ...
.......†#.# . ...
......#.#.## .@. ...
......+...w#..... ..
..... #..........
.................
...........#..!..
...........# ..##
..........# ...


You could see Terence.

Vanquished Creatures
  2 adders (D:2)
  2 worms (D:2)
  A dart slug (D:1)
  3 endoplasms
  3 giant cockroaches
  6 hobgoblins
  2 jackals (D:2)
  3 kobolds (D:2)
  2 quokkas (D:1)
  4 ball pythons (D:1)
  3 bats
  A frilled lizard (D:1)
  6 goblins
  2 rats (D:1)
40 creatures vanquished.

Notes
Turn   | Place    | Note
-------+----------+-------------------------------------------
     0 | D:1      | billz999 the Gnoll Wanderer began the quest for the Orb.
     0 | D:1      | billz999 set off with the following items: a +2 spear, a +0
                  | pair of boots, a scroll of summoning, a +0 leather armour;
                  | and the following spell memorised: Sandblast; and the
                  | following spells available to memorise: Stone Arrow.
     0 | D:1      | Reached XP level 1. HP: 17/17 MP: 4/4
   157 | D:1      | Reached XP level 2. HP: 22/23 MP: 5/5
   512 | D:1      | Reached XP level 3. HP: 28/28 MP: 7/7
   516 | D:1      | Learned a level 3 spell: Stone Arrow
   870 | D:1      | Got Sif Muna's Compendium of Smouldering Momentum
  1077 | D:2      | Reached skill level 1 in Invocations
  1138 | D:2      | Reached skill level 1 in Short Blades
  1138 | D:2      | Reached skill level 1 in Long Blades
  1138 | D:2      | Reached skill level 1 in Axes
  1138 | D:2      | Reached skill level 1 in Maces & Flails
  1138 | D:2      | Reached skill level 1 in Staves
  1138 | D:2      | Reached skill level 1 in Ranged Weapons
  1138 | D:2      | Reached skill level 1 in Throwing
  1138 | D:2      | Reached skill level 1 in Dodging
  1138 | D:2      | Reached skill level 1 in Shields
  1138 | D:2      | Reached skill level 1 in Unarmed Combat
  1138 | D:2      | Reached skill level 1 in Evocations
  1241 | D:2      | Reached XP level 4. HP: 27/34 MP: 2/8
  1352 | D:2      | Noticed Terence
  1391 | D:2      | Slain by Terence

Illustrated notes

Levels and vault maps discovered:
D:1:      dpeg_arrival_line_fractal, layout_loops_corners,
          amcnicky_mini_corridor_feature, minivault_5, minmay_misc_feat_room
D:2:      layout_basic, basic_altar, minmay_heptomino_o4, uniq_terence

Skill      XL: |  1  2  3  4 |
---------------+-------------+-----
Earth Magic    | 2 |  2.2
Invocations    | 1 |  1.2
Short Blades   | 1 |  1.1
Long Blades    | 1 |  1.1
Axes           | 1 |  1.1
Maces & Flails | 1 |  1.1
Staves         | 1 |  1.1
Ranged Weapons | 1 |  1.1
Throwing       | 1 |  1.1
Dodging        | 1 |  1.1
Shields        | 1 |  1.1
Unarmed Combat | 1 |  1.1
Evocations     | 1 |  1.1
Spellcasting   | 3 |  3.0
Fighting       | |  2.7
Polearms       | |  4.6
Armour         | |  2.7
Stealth        | |  7.8
Conjurations   | |  0.8
Hexes          | |  0.8
Summonings     | |  0.8
Necromancy     | |  0.8
Translocations | |  0.8
Transmutations | |  0.8
Fire Magic     | |  0.8
Ice Magic      | |  0.8
Air Magic      | |  0.8
Poison Magic   | |  0.8

Action                     |  1- 3 |  4- 6 || total
---------------------------+-------+-------++-------
  Melee: Spear             |    55 |     5 ||    60
         Bite              |     3 |       ||     3
         Punch             |     1 |       ||     1
   Cast: Sandblast         |    26 |    16 ||    42
    Use: Potion            |       |     1 ||     1
   Stab: Sleeping          |    10 |       ||    10
 Armour: Leather armour    |     7 |     2 ||     9
  Dodge: Dodged            |    24 |    13 ||    37

Table legend: (Time is in decaauts)
 A = Elapsed time spent in this place.
 B = Non-inter-level travel time spent in this place.
 C = Inter-level travel time spent in this place.
 D = Time resting spent in this place.
 E = Time spent auto-exploring this place.
 F = Levels seen in this place.
 G = Mean time per level.
                   A        B        C        D        E       F      G
               +--------+--------+--------+--------+--------+-----+--------+
         Total |   1403 |   1371 |     32 |      3 |   1095 |   2 |  701.5 |
       Dungeon |   1403 |   1371 |     32 |      3 |   1095 |   2 |  701.5 |
               +--------+--------+--------+--------+--------+-----+--------+

Top non-repeatable levels by time:
     D:1: 1027 daAuts
     D:2: 375 daAuts
